 Dungeon Crawl Stone Soup version 0.16-a0-3714-geb26cbe (webtiles) character file.

58 B1inky the Changer (level 3, -3/26 HPs)
             Began as a Demonspawn Transmuter on Jan 21, 2015.
             Slain by an adder (4 damage)
             ... on level 2 of the Dungeon.
             The game lasted 00:04:25 (1758 turns).

B1inky the Changer (Demonspawn Transmuter)          Turns: 1758, Time: 00:04:25

Health: -3/26      AC:  2    Str: 10      XL:     3   Next: 76%
Magic:  0/6        EV: 12    Int: 14      God:
Gold:   57         SH:  0    Dex: 13 (14) Spells: 1 memorised, 5 levels left

rFire  . . .     SeeInvis .       - Unarmed
rCold  . . .     Clarity  .     c - +0 robe
rNeg   . . .     SustAb   .     (no shield)
rPois  .         Gourm    .     (helmet restricted)
rElec  .         Spirit   +     (no cloak)
rCorr  .         Warding  .     (no gloves)
rMut   .         Stasis   .     (no boots)
MR     .....                    l - amulet of guardian spirit
Stlth  +.........               (no ring)
                                (no ring)

@: lethally poisoned, appendage, not resistant to hostile enchantments, very
unstealthy
A: claws 1, horns 2, powered by death 1
a: End Transformation


You were on level 2 of the Dungeon.
You were hungry.
You had grown temporary horns.
You visited 1 branch of the dungeon, and saw 2 of its levels.

You collected 57 gold pieces.

Inventory:

Armour
 c - a +0 robe (worn)
Jewellery
 g - an uncursed amulet of stasis
 l - an amulet of guardian spirit (around neck)
Scrolls
 e - 2 scrolls of remove curse
 m - 2 scrolls of teleportation
 o - a scroll of enchant weapon {unknown}
 p - a scroll of blinking
 q - a scroll of identify {unknown}
Books
 d - a book of Changes

   Spells                             Type                      Level
   a - Beastly Appendage              Transmutation                1
   b - Sticks to Snakes               Transmutation                2
   c - Spider Form                    Transmutation/Poison         3
   d - Ice Form                       Ice/Transmutation            4
   e - Blade Hands                    Transmutation                5
Comestibles
 a - 3 bread rations
 i - a beef jerky
 k - 2 meat rations


   Skills:
 - Level 1.0 Fighting
 - Level 1.7 Dodging
 - Level 2.6 Unarmed Combat
 - Level 2.0 Spellcasting
 + Level 3.7 Transmutations


You had 5 spell levels left.
You knew the following spells:

 Your Spells              Type           Power        Failure   Level  Hunger
a - Beastly Appendage     Trmt           ##....       6%          1    ##.....


Dungeon Overview and Level Annotations

Branches:
Dungeon (2/15)

Altars:


Innate Abilities, Weirdness & Mutations

You have sharp fingernails.
You can steal the life force of nearby defeated enemies.
You have a pair of horns on your head.


Message History

Use which ability? (? or * to list)
Okay, then.
You barely miss the adder.
The adder is moderately wounded.
* * * LOW HITPOINT WARNING * * *
You feel sick. The adder closely misses you.
Read which item? (? for menu, Esc to quit)
Okay, then.
You completely miss the adder.
The adder is moderately wounded.
* * * LOW HITPOINT WARNING * * *
You feel sick. The adder completely misses you.
You claw the adder! Your headbutt misses the adder.
The adder is severely wounded.
The adder closely misses you. The adder misses you.
You closely miss the adder.
The adder is severely wounded.
* * * LOW HITPOINT WARNING * * *
You feel sick. The adder bites you.
You die...

. .. ####(....### ..
#.#########...####.
..........).......(+.
.#.#########...####.
...# #####.######
###..# #........# # #
#...)# #.###.##.# #+#
#.#.##S# #.##.# #.#
#.#.##@# #.##.#
##.########......#
..##.#
.........####.####
####.# #...####.# #.#
#.### .....# #.# #.#
#...# #...## #.####.#
........#.. ##.##
#......# #.####...#
#.# ######## .......#
#.# ####...#


You could see an adder (bleeding).

Vanquished Creatures
  A giant mite (D:2)
  A worm (D:2)
  A giant gecko (D:2)
  3 bats
  A giant cockroach (D:1)
  6 goblins
  9 hobgoblins
  10 kobolds
  A ball python (D:1)
  3 giant newts (D:1)
  6 rats
42 creatures vanquished.

Notes
Turn   | Place    | Note
--------------------------------------------------------------
     0 | D:1      | B1inky, the Demonspawn Transmuter, began the quest for the Orb.
     0 | D:1      | Reached XP level 1. HP: 15/15 MP: 3/3
   309 | D:1      | Gained mutation: You can steal the life force of nearby defeated enemies. [demonic ancestry]
   309 | D:1      | Reached XP level 2. HP: 12/21 MP: 4/4
   667 | D:1      | Reached skill level 3 in Transmutations
   876 | D:2      | Gained mutation: You have sharp fingernails. [demonic ancestry]
   876 | D:2      | Reached XP level 3. HP: 7/26 MP: 6/6
  1756 | D:2      | HP: 1/26 [poisoned by an adder]
  1758 | D:2      | Slain by an adder

Action                   || total
-------------------------++-------
Melee: Unarmed           ||   202
 Cast: Beastly Appendage ||     2
  Use: Scroll            ||     3
       Potion            ||     1
  Eat: Chunk             ||     2
